AoeStats
← leventcevahir09

QS Arena

503452064Analyzed
2v2 RM · 1mo ago on Aug 31, 2026· 129m 3s· 4 players
Game mode
Random Map
Map size
Medium (4 player)
Population
200
Speed
Normal
Resources
Standard
Victory
Conquest
Starting age
Dark Age
Ending age
Imperial Age
RankedLock teamsTeams togetherTeam positionsShared explorationLock speedFull tech treeHidden civsTurbo modeCheats
Victory
Defeat
🇹🇷 Huns · Türkiye
821
+14
🇹🇷 Huns · Türkiye
809
+14
🇺🇸 Burmese · United States
821
-16
🇺🇸 Malay · United States
716
-12
The Chancellor
8:19 Loom
10:56 Feudal Age
16:08 Castle Age
14:57 Stone Mining
14:55 Double-Bit Axe
21:31 Gold Mining
24:12 Wheelbarrow
25:51 Pikeman
29:08 Imperial Age
26:29 Town Watch
26:25 Horse Collar
26:20 Pikeman
28:34 Husbandry
29:29 Heavy Plow
30:54 Man-at-Arms
33:28 Squires
32:49 Halberdier
33:56 Conscription
34:30 Hand Cart
34:45 Long Swordsman
36:18 Two-Handed Swordsman
37:35 Forced Levy
38:28 Thumb Ring
40:40 Crop Rotation
40:24 Bow Saw
40:51 Gold Shaft Mining
42:26 Elite Karambit Warrior
43:20 Murder Holes
43:47 Ballistics
43:31 Crossbowman
47:19 Forging
47:15 Scale Barding Armor
47:10 Padded Archer Armor
47:01 Fletching
50:55 Chemistry
50:32 Arbalester
51:57 Elite Skirmisher
58:33 Iron Casting
60:20 Siege Engineers
75:31 Leather Archer Armor
75:12 Bodkin Arrow
76:17 Blast Furnace
94:41 Light Cavalry
118:34 Bracer
119:18 Ring Archer Armor
Firebird1919
9:48 Feudal Age
8:04 Loom
13:16 Scale Barding Armor
13:24 Forging
17:02 Castle Age
16:51 Gold Mining
16:44 Horse Collar
17:04 Stone Mining
20:04 Pikeman
20:33 Gambesons
20:52 Scale Mail Armor
21:54 Bloodlines
22:24 Iron Casting
26:37 Chain Barding Armor
34:19 Imperial Age
35:36 Heavy Scorpion
36:26 Fletching
38:31 Wheelbarrow
37:43 Town Watch
38:13 Capped Ram
39:27 Conscription
39:35 Fortified Wall
40:05 Halberdier
40:48 Squires
40:34 Arson
41:41 Hand Cart
43:15 Chemistry
42:49 Ballistics
55:36 Blast Furnace
54:52 Chain Mail Armor
58:31 Heavy Plow
65:47 Plate Mail Armor
65:30 Siege Engineers
71:11 Masonry
71:00 Murder Holes
97:19 Crop Rotation
oguzhza
9:34 Feudal Age
14:11 Castle Age
12:26 Double-Bit Axe
16:31 Wheelbarrow
16:12 Bow Saw
18:30 Horse Collar
31:17 Squires
32:04 Loom
37:01 Stone Mining
38:39 Pikeman
45:57 Thumb Ring
48:12 Ballistics
48:29 Fletching
48:40 Padded Archer Armor
48:51 Forging
51:00 Hand Cart
50:30 Town Watch
51:16 Arson
56:03 Bodkin Arrow
56:23 Leather Archer Armor
56:44 Iron Casting
57:02 Gold Mining
60:46 Town Patrol
64:46 Imperial Age
63:50 Masonry
66:42 Chemistry
66:12 Parthian Tactics
66:10 Husbandry
66:21 Bloodlines
65:33 Heavy Cavalry Archer
70:10 Bracer
71:22 Blast Furnace
71:38 Scale Barding Armor
73:22 Two-Man Saw
124:48 Caravan
leventcevahir09
9:11 Feudal Age
14:15 Castle Age
12:26 Double-Bit Axe
13:46 Scale Barding Armor
13:53 Forging
15:49 Bow Saw
15:44 Stone Mining
19:08 Horse Collar
21:34 Heavy Plow
22:33 Pikeman
23:14 Squires
23:27 Husbandry
24:17 Bloodlines
24:25 Marauders
26:41 Wheelbarrow
25:52 Town Watch
25:53 Loom
26:54 Scale Mail Armor
27:39 Fervor
28:43 Chain Mail Armor
29:58 Hand Cart
29:44 Town Patrol
29:42 Gold Mining
31:51 Iron Casting
31:39 Chain Barding Armor
38:05 Imperial Age
38:27 Padded Archer Armor
38:17 Fletching
40:49 Gold Shaft Mining
41:25 Two-Man Saw
40:40 Elite Tarkan
44:46 Plate Barding Armor
45:12 Blast Furnace
52:47 Halberdier
60:10 Atheism
60:40 Leather Archer Armor
60:21 Bodkin Arrow
71:05 Bracer
104:02 Thumb Ring
105:35 Elite Skirmisher
114:45 Caravan
120:33 Chemistry
Connection lost

Rejoining the realm…

Still unreachable

The connection could not be restored.

Session expired

The server has moved on; the page needs a fresh start.